 Dungeon Crawl Stone Soup version 0.24.0-13-gcf9b319 (webtiles) character file.

Game seed: 235310712802753558, levelgen mode: deterministic

200 Fang the Skirmisher (level 5, -6/34 HPs)
             Began as a Gargoyle Berserker on Nov 26, 2019.
             Was a Believer of Trog.
             Mangled by an ogre
             ... wielding a +0 giant club
              (9 damage)
             ... on level 5 of the Dungeon.
             The game lasted 00:02:10 (3694 turns).

Fang the Skirmisher (Gargoyle Berserker)            Turns: 3694, Time: 00:02:10

Health: -6/34      AC: 13    Str: 21    XL:     5   Next: 79%
Magic:  5/5        EV:  8    Int: 13    God:    Trog [**....]
Gold:   164        SH:  0    Dex:  9    Spells: 4/4 levels left

rFire    . . .     SeeInvis .   a - +0 hand axe
rCold    . . .     Gourm    .   (no shield)
rNeg     + . .     Faith    .   b - +0 chain mail
rPois    ∞         Spirit   .   (no helmet)
rElec    +         Reflect  .   (no cloak)
rCorr    .         Harm     .   (no gloves)
MR       .....                  (no boots)
Stlth    ..........             (no amulet)
HPRegen  0.11/turn              y - +5 ring of intelligence
MPRegen  0.09/turn              z - ring of stealth

@: very slow
A: negative energy resistance 1, electricity resistance, unbreathing,
petrification resistance, rot immunity, AC +4
a: Berserk, Trog's Hand, Renounce Religion


You were on level 5 of the Dungeon.
You worshipped Trog.
Trog was pleased with you.
You were near starving.

You visited 1 branch of the dungeon, and saw 5 of its levels.

You collected 164 gold pieces.

Inventory:

Hand Weapons
 a - a +0 hand axe (weapon)
Armour
 b - a +0 chain mail (worn)
Jewellery
 y - a +5 ring of intelligence (left hand)
 z - a ring of stealth (right hand)
Wands
 t - a wand of iceblast (10)
Scrolls
 d - 3 scrolls of teleportation {unknown}
 e - 2 scrolls of remove curse {unknown}
 f - 2 scrolls of amnesia {unknown}
 g - a scroll of enchant armour {unknown}
 k - 2 scrolls of fog {unknown}
 l - 2 scrolls of blinking {unknown}
 o - 5 scrolls of identify {unknown}
 p - a scroll of random uselessness {unknown}
 s - a scroll of magic mapping {unknown}
 x - a scroll of immolation {unknown}
Potions
 h - 2 potions of magic {unknown}
 i - 3 potions of degeneration {unknown}
 j - 2 potions of curing {unknown}
 m - a potion of ambrosia {unknown}
 n - a potion of resistance {unknown}
 q - a potion of cancellation {unknown}
 r - a potion of flight {unknown}
 u - a potion of haste {unknown}
 v - 2 potions of invisibility {unknown}
 w - a potion of lignification {unknown}
Comestibles
 c - 10 rations


   Skills:
 + Level 4.4 Fighting
 + Level 3.6 Axes
 + Level 3.6 Armour
 + Level 2.7 Dodging


You had 4 spell levels left.
You didn't know any spells.
Your spell library was empty.

Dungeon Overview and Level Annotations

Branches:
Dungeon (5/15)
 Temple: D:4-7

Altars:
Gozag
Ru
Uskayaw

Shops:
D:4 *


Innate Abilities, Weirdness & Mutations

You are resistant to torment.
Your stone body is resilient. (AC +4)
You are immune to poison.
You resist negative energy. (rN+)
You are resistant to electric shocks. (rElec)
You can survive without breathing.
You are immune to petrification.
You are immune to rotting.


Message History

You are too injured to fight recklessly!
You are too injured to fight recklessly!
You are too injured to fight recklessly!
You are too injured to fight recklessly!
You are too injured to fight recklessly!
You are too injured to fight recklessly!
You are too injured to fight recklessly!
You hit the ogre.
The ogre is lightly wounded.
You barely miss the worker ant zombie.
The worker ant zombie bites you but does no damage.
The ogre barely misses you.
The worker ant zombie bites you but does no damage.
Okay, then.
You enter the shallow water.
Moving in this stuff is going to be slow.
The kobold throws a stone.
The stone hits you but does no damage.
You hear a splash.
The ogre hits you with a +0 giant club!
You die...

########################+
≈≈≈≈≈≈≈≈≈≈≈≈≈≈≈≈≈≈≈≈≈≈≈(.
≈≈≈≈≈≈≈≈≈≈≈≈≈≈≈≈≈≈≈≈≈≈≈..
≈≈≈≈≈≈≈≈≈≈≈≈≈≈≈≈≈Z≈K≈≈≈..
..≈≈≈≈.≈.≈≈≈≈≈≈≈@OK..≈≈..
................(...K....
.........................
....##.....###.###...####
#######...## #......## #
##+## #####.## # .# .#


You could see an ogre, a worker ant zombie and 3 kobolds.

Vanquished Creatures
  A scorpion (D:4)
  A hound (D:4)
  Crazy Yiuf (D:4)
  Natasha (D:2)
  An adder (D:2)
  4 worms
  A leopard gecko (D:2)
  6 ball pythons (D:2)
  3 giant cockroaches
  6 goblins
  5 hobgoblins
  A jackal (D:3)
  4 bats
  2 frilled lizards
  9 kobolds
  10 rats
56 creatures vanquished.

Notes
Turn   | Place    | Note
-------+----------+-------------------------------------------
     0 | D:1      | Fang the Gargoyle Berserker began the quest for the Orb.
     0 | D:1      | Reached XP level 1. HP: 14/14 MP: 1/1
   195 | D:1      | Reached XP level 2. HP: 17/19 MP: 2/2
   686 | D:2      | Reached XP level 3. HP: 8/24 MP: 3/3
  1333 | D:2      | Noticed Natasha
  1340 | D:2      | Killed Natasha
  1596 | D:2      | Reached XP level 4. HP: 11/29 MP: 4/4
  1911 | D:2      | Reached skill level 4 in Fighting
  2235 | D:3      | Reached ** piety under Trog
  2352 | D:3      | Found a sacrificial altar of Ru.
  2914 | D:4      | Found Ocvuc's Elemental Accessories.
  2956 | D:4      | Reached XP level 5. HP: 28/33 MP: 5/5
  3041 | D:4      | Found a runed translucent door.
  3042 | D:4      | Noticed Crazy Yiuf
  3353 | D:4      | Found an opulent altar of Gozag.
  3353 | D:4      | Found a hide-covered altar of Uskayaw.
  3566 | D:4      | Killed Crazy Yiuf
  3652 | D:5      | Entered Level 5 of the Dungeon
  3686 | D:5      | Noticed an ogre
  3694 | D:5      | Mangled by an ogre

Levels and vault maps discovered:
D:1:      denvon_arrival_planthouse, layout_basic, minmay_misc_feat_doors
D:2:      lemuel_upstairs_altar, layout_basic, serial_rivers,
          chequers_serial_rivers_large_b, chequers_serial_rivers_micro_d,
          chequers_serial_rivers_micro_b, chequers_serial_rivers_room_b,
          chequers_serial_rivers_large_a, chequers_serial_rivers_micro_a,
          minmay_shallow_snake_nest, uniq_natasha
D:3:      layout_rooms, hangedman_ru_absence, minmay_fractal_squares_gapless_5
D:4:      layout_loops_ring, nicolae_overflow_hidden_temple, serial_glass,
          glass_columns_a, glass_columns_b, nicolae_elemental_shop,
          uniq_crazy_yiuf_cottage
D:5:      minmay_goblin_kobold_castle, layout_loops_corners, old_standard_altar,
          minmay_temple_entry_large_hall, first_ration

Skill      XL: |  1  2  3  4 |
---------------+-------------+-----
Axes           | 3 |  3.6
Dodging        | 2 |  2.7
Armour         | 3 |  3.6
Fighting       | 4 |  4.4

Action                   |  1- 3 |  4- 6 || total
-------------------------+-------+-------++-------
Melee: Hand axe          |    98 |   103 ||   201
Invok: Berserk           |     2 |     2 ||     4
  Eat: Chunk             |     2 |     9 ||    11
Armor: Animal skin       |    36 |    19 ||    55
       Chain mail        |       |    18 ||    18
Dodge: Dodged            |    67 |    52 ||   119
